 Dungeon Crawl Stone Soup version 0.24-a0-475-g5b41c6f198 (webtiles) character file.

Game seed: 13871803493646675144

5 vurker the Bolt Thrower (level 1, 0/13 HPs)
             Began as a Kobold Hunter on July 5, 2019.
             Slain by a jackal (1 damage)
             ... on level 1 of the Dungeon.
             The game lasted 00:00:28 (178 turns).

vurker the Bolt Thrower (Kobold Hunter)              Turns: 178, Time: 00:00:29

Health: 0/13       AC:  3    Str:  9    XL:     1   Next: 88%
Magic:  0/1        EV: 14    Int: 12    God:
Gold:   23         SH:  0    Dex: 15    Spells: 0/0 levels left

rFire    . . .     SeeInvis .   a - +1 hand crossbow
rCold    . . .     Gourm    .   (shield restricted)
rNeg     . . .     Faith    .   c - +0 leather armour
rPois    .         Spirit   +   (no helmet)
rElec    .         Reflect  .   g - scarf {Spirit}
rCorr    .         Harm     .   (no gloves)
MR       .....                  (no boots)
Stlth    ++........             (no amulet)
HPRegen  0.04/turn              (no ring)
MPRegen  0.07/turn              (no ring)

@: no status effects
A: small, carnivore
a: no special abilities


You were on level 1 of the Dungeon.
You were not hungry.

You visited 1 branch of the dungeon, and saw 1 of its levels.

You collected 23 gold pieces.

Inventory:

Hand Weapons
 a - a +1 hand crossbow (weapon)
 b - a +0 short sword
Missiles
 d - 6 bolts (quivered)
Armour
 c - a +0 leather armour (worn)
 g - a scarf of spirit shield (worn)
   (You found it on level 1 of the Dungeon)
Scrolls
 f - a scroll of remove curse {unknown}
Comestibles
 e - a ration {!d}


   Skills:
 + Level 2.3 Fighting
 * Level 5.1 Crossbows
 - Level 2.4 Dodging
 - Level 1.3 Stealth


You couldn't memorise any spells.
You didn't know any spells.
Your spell library was empty.

Dungeon Overview and Level Annotations

Branches:
Dungeon (1/15)

Altars:


Innate Abilities, Weirdness & Mutations

You are small and have problems with some larger weapons.
You are carnivorous and can eat meat at any time.


Message History

You kill the giant cockroach!
The bat misses you. The jackal misses you. The jackal closely misses you. x2
The jackal bites you.
* * * LOW HITPOINT WARNING * * *
The jackal bites you but does no damage. x2
Firing (i - inventory)
d - 13 bolts (quivered)
Aim: a bat You shoot a bolt.
The bolt misses the bat.
The bat closely misses you.
The jackal bites you but does no damage.
The jackal bites you.
* * * LOW HITPOINT WARNING * * *
The jackal bites you.
* * * LOW HITPOINT WARNING * * *
The jackal closely misses you.
Firing (i - inventory)
d - 12 bolts (quivered)
Aim: a jackal You shoot a bolt.
The bolt hits the jackal!
You kill the jackal!
Your Crossbows skill increases to level 5!
The jackal bites you but does no damage.
The bat hits you but does no damage. The jackal barely misses you. x3
Firing (i - inventory)
d - 11 bolts (quivered)
Aim: a jackal You shoot a bolt.
The bolt hits the jackal!
You kill the jackal!
The bat hits you but does no damage.
The jackal bites you but does no damage.
Firing (i - inventory)
d - 10 bolts (quivered)
Aim: a jackal You shoot a bolt.
The bolt hits the jackal.
The bat misses you. The jackal barely misses you.
The jackal bites you but does no damage.
Firing (i - inventory)
d - 9 bolts (quivered)
Aim: a jackal (severely wounded)
You shoot a bolt.
The bolt hits the jackal but does no damage.
The jackal misses you.
The jackal bites you but does no damage.
The bat barely misses you.
Firing (i - inventory)
d - 8 bolts (quivered)
Aim: a jackal (severely wounded)
You shoot a bolt. The bolt closely misses the jackal.
The bat hits you but does no damage. The jackal closely misses you.
The jackal barely misses you.
Firing (i - inventory)
d - 7 bolts (quivered)
Aim: a jackal (severely wounded)
You shoot a bolt. The bolt barely misses the jackal.
The bat hits you.
* * * LOW HITPOINT WARNING * * *
The jackal bites you.
You die...

### .## #.. .. #
##.##.#. $...((
##.#(# ###((h.#
#(..@(.##
###...b...##
#..........###.##
#................
#..........#.....
###.......## .#..
#....(.## .
##....## #.####


You could see a jackal and a bat.

Vanquished Creatures
  A giant cockroach (D:1)
  3 jackals (D:1)
4 creatures vanquished.

Notes
Turn   | Place    | Note
-------+----------+-------------------------------------------
     0 | D:1      | vurker the Kobold Hunter began the quest for the Orb.
     0 | D:1      | Reached XP level 1. HP: 12/12 MP: 1/1
   173 | D:1      | Reached skill level 5 in Crossbows
   178 | D:1      | Slain by a jackal

Levels and vault maps discovered:
D:1:      minmay_arrival_shattered_statue, layout_loops_cross

Skill      XL: |  1 |
---------------+----+-----
Crossbows      | 5 |  5.1
Fighting       | |  2.3
Dodging        | |  2.4
Stealth        | |  1.3

Action                   || total
-------------------------++-------
 Fire: Hand crossbow     ||    14
Armor: Leather armour    ||    14
Dodge: Dodged            ||    32

Table legend:
 A = Non-vault XP
 B = Vault XP
 C = Vault XP percentage of total XP
 D = Non-vault monster count
 E = Vault monster count
 F = Vault count percentage of total count
                 A         B        C        D         E       F
            +---------+---------+-------+---------+---------+-------
      Total |       8 |       0 |   0.0 |       4 |       0 |   0.0
            +---------+---------+-------+---------+---------+-------
        D:1 |       8 |       0 |   0.0 |       4 |       0 |   0.0
            +---------+---------+-------+---------+---------+-------
